Penguins vs Sabres

Created - October 17 2011 at 16:43

Goals
1 2 3 T
Penguins 2 3 0 5
Sabres 2 1 0 3
Shots
1 2 3 T
Penguins 8 12 18 38
Sabres 6 6 4 16

Period #1

1. Penguins , Martin St. Louis 3 (Joe Pavelski) at 7:19 (PP)
2. Sabres , Karl Alzner 1 (Steve Downie, James Neal) at 10:58
3. Sabres , Tyler Myers 1 (Tuomo Ruutu, Brad Stuart) at 17:34 (PP)
4. Penguins , Rob Niedermayer 1 (Drew Stafford, Cam Fowler) at 17:54

Penalties :
Kris Letang (PIT) for Slashing (Double Minor) at 1:46, Johan Franzen (BUF) for Interference (Minor) at 7:13, Tyler Myers (BUF) for Hooking (Minor) at 8:15, Blake Wheeler (PIT) for Tripping (Minor) at 8:15, Marian Hossa (BUF) for Hooking (Minor) at 8:28, Tuomo Ruutu (BUF) for Hooking (Minor) at 12:30, Matt DAgostini (PIT) for High sticking (Minor) at 15:26, Andrew Ference (PIT) for Tripping (Minor) at 17:26

Period #2

5. Penguins , Daniel Sedin 7 (Alexander Edler, Jason Pominville) at 0:39
6. Penguins , Drew Stafford 1 (Steve Montador, Cam Fowler) at 1:46
7. Sabres , Tyler Myers 2 (Brad Stuart, Mike Richards) at 11:39 (PP)
8. Penguins , Martin St. Louis 4 (Joe Pavelski, Kris Letang) at 19:53

Penalties :
Luke Schenn (BUF) for Hooking (Minor) at 3:08, Luke Schenn (BUF) for Tripping (Minor) at 6:27, Luke Schenn (BUF) for Holding (Minor) at 9:04, Steve Montador (PIT) for Hooking (Minor) at 11:20, Luke Schenn (BUF) for Tripping (Minor) at 11:56, Drew Stafford (PIT) for Holding (Minor) at 16:46

Period #3

No Goal

Penalties :
Luke Schenn (BUF) for Hooking (Minor) at 3:31, Chris Stewart (BUF) for Fighting (Major) at 8:28, Jason Pominville (PIT) for Fighting (Major) at 8:28, Luke Schenn (BUF) for Interference (Minor) at 9:12, Matt Moulson (PIT) for Holding Stick (Minor) at 12:26

Goalie Stats

Marc-Andre Fleury (PIT), 13 saves from 16 shots - (0.813), W, 1-1-0, 60:00 minutes
Martin Biron (BUF), 15 saves from 20 shots - (0.750), L, 4-1-0, 39:53 minutes
Devan Dubnyk (BUF), 18 saves from 18 shots - (1.000), 20:07 minutes

Players Stats

Penguins
Player Name              G  A  P  +/- PIM S  H  SB FO    MP 
------------------------------------------------------------
Alexander Edler          0  1  1   1  0   2  0  1  0/0   23 
Andrew Ference           0  0  0   1  2   0  2  2  0/0   13 
Blair Betts              0  0  0   0  0   0  0  1  6/8   7  
Blake Wheeler            0  0  0   1  2   2  3  0  0/2   16 
Brad Richards            0  0  0   1  0   4  2  1  11/26 20 
Cam Fowler               0  2  2   1  0   0  2  0  0/0   16 
Dan Girardi              0  0  0   1  0   0  1  0  0/0   23 
Daniel Sedin             1  0  1   1  0   2  3  0  0/4   19 
Drew Stafford            1  1  2   1  2   7  1  1  1/1   16 
Jason Pominville         0  1  1   1  5   2  1  0  0/1   12 
Joe Pavelski             0  2  2   1  0   1  1  1  14/22 21 
Kris Letang              0  1  1   1  4   1  0  0  0/0   21 
Martin St. Louis         2  0  2   1  0   5  1  0  0/3   22 
Matt DAgostini           0  0  0   0  2   2  0  0  1/2   7  
Matt Moulson             0  0  0   0  2   4  0  0  1/1   5  
Rob Niedermayer          1  0  1   1  0   3  0  1  4/11  14 
Stephane Robidas         0  0  0   1  0   1  0  1  0/0   22 
Steve Montador           0  1  1   1  2   2  1  0  1/3   13 
Sabres
Player Name              G  A  P  +/- PIM S  H  SB FO    MP 
------------------------------------------------------------
Brad Stuart              0  2  2  -2  0   0  3  0  0/0   22 
Chris Stewart            0  0  0  -1  5   0  0  1  0/2   17 
David Legwand            0  0  0  -2  0   0  0  0  9/17  15 
James Neal               0  1  1   1  0   0  0  0  0/0   8  
Jeff Schultz             0  0  0  -1  0   0  0  0  0/0   15 
Johan Franzen            0  0  0  -2  2   1  2  0  1/1   11 
Jordan Staal             0  0  0  -1  0   0  0  0  12/22 22 
Karl Alzner              1  0  1   1  0   1  1  0  0/0   15 
Luke Schenn              0  0  0   0  12  0  3  0  0/0   13 
Marian Hossa             0  0  0  -1  2   1  1  1  2/3   21 
Mike Richards            0  1  1  -2  0   2  0  1  18/29 22 
Paul Byron               0  0  0   1  0   0  1  0  1/7   9  
Steve Downie             0  1  1   0  0   0  4  0  0/1   16 
Trevor Daley             0  0  0  -1  0   1  0  2  0/0   23 
Troy Brouwer             0  0  0  -1  0   1  0  0  1/1   7  
Tuomo Ruutu              0  1  1  -1  2   3  4  0  1/1   15 
Tyler Myers              2  0  2  -2  2   6  1  2  0/0   17 
Victor Hedman            0  0  0  -1  0   0  0  1  0/0   15 

3 Stars

1 - Martin St. Louis (PIT)
2 - Daniel Sedin (PIT)
3 - Drew Stafford (PIT)

Power Play

Penguins - 1 on 9 Attempt(s) - 11.11%
Sabres - 2 on 7 Attempt(s) - 28.57%

Penalty Kill

Penguins - 5 on 7 Attempt(s) - 71.43% - Score 0 goal in Penalty Kill
Sabres - 8 on 9 Attempt(s) - 88.89% - Score 0 goal in Penalty Kill

Game Notes

Devan Dubnyk enters game at 19:53 of 2nd period
Chris Stewart and Jason Pominville fight to a draw at 8:28 of 3rd period

Finance

Level 1 -- Attendance: 6324 (97.29%) -- Ticket Income $550,188.00
Level 2 -- Attendance: 3657 (73.14%) -- Ticket Income $208,449.00
Level 3 -- Attendance: 2731 (78.03%) -- Ticket Income $101,047.00
Level 4 -- Attendance: 2553 (94.91%) -- Ticket Income $48,507.00
Luxury Box -- Attendance: 878 (87.80%) -- Ticket Income $155,406.00
Game was played at the HSBC Arena
Total Attendance: 16143 (86.37%)
Total Ticket Income: $1,165,387.00
Other Income: $204,143.70
Total Income: $1,369,531.00


Play by Play

Period #1

0:01 of 1st period - Mike Richards wins face-off versus Brad Richards in neutral zone.
0:15 of 1st period - Icing by Jason Pominville.
0:16 of 1st period - Jordan Staal wins face-off versus Jason Pominville in Penguins zone.
1:09 of 1st period - Icing by Victor Hedman.
1:10 of 1st period - Joe Pavelski wins face-off versus Jordan Staal in Sabres zone.
1:46 of 1st period - Double Minor Penalty to Kris Letang for Slashing.
1:47 of 1st period - Mike Richards wins face-off versus Brad Richards in Penguins zone.
3:12 of 1st period - Drew Stafford is hit by Tuomo Ruutu and loses puck.
3:23 of 1st period - Shot by Tuomo Ruutu.
3:23 of 1st period - Deflect By Chris Stewart.
3:23 of 1st period - Shot Blocked by Blair Betts.
3:25 of 1st period - Shot by Chris Stewart.
3:25 of 1st period - Deflect By Tuomo Ruutu.
3:25 of 1st period - Shot Blocked by Drew Stafford.
5:09 of 1st period - Shot by Mike Richards.
5:09 of 1st period - Deflect By Tuomo Ruutu.
5:09 of 1st period - Stopped by Marc-Andre Fleury without a rebound.
5:10 of 1st period - Brad Richards wins face-off versus Mike Richards in Penguins zone.
5:24 of 1st period - Tyler Myers is hit by Drew Stafford and loses puck.
5:29 of 1st period - Shot by Tyler Myers.
5:29 of 1st period - Deflect By Tuomo Ruutu.
5:29 of 1st period - Stopped by Marc-Andre Fleury with a rebound.
7:13 of 1st period - Minor Penalty to Johan Franzen for Interference.
7:14 of 1st period - Joe Pavelski wins face-off versus David Legwand in Sabres zone.
7:19 of 1st period - Shot by Martin St. Louis.
7:19 of 1st period - Goal by Martin St. Louis - Penguins : 1 - Sabres : 0.
7:20 of 1st period - Jordan Staal wins face-off versus Rob Niedermayer in neutral zone.
7:47 of 1st period - Shot by Rob Niedermayer.
7:47 of 1st period - Stopped by Martin Biron with a rebound.
8:15 of 1st period - Minor Penalty to Tyler Myers for Hooking.
8:15 of 1st period - Minor Penalty to Blake Wheeler for Tripping.
8:16 of 1st period - Marian Hossa wins face-off versus Daniel Sedin in Sabres zone.
8:28 of 1st period - Minor Penalty to Marian Hossa for Hooking.
8:29 of 1st period - Jordan Staal wins face-off versus Brad Richards in Sabres zone.
9:32 of 1st period - Shot by Martin St. Louis.
9:32 of 1st period - Deflect By Daniel Sedin.
9:32 of 1st period - Shot Blocked by Trevor Daley.
10:13 of 1st period - Shot by Drew Stafford.
10:13 of 1st period - Stopped by Martin Biron without a rebound.
10:14 of 1st period - Jordan Staal wins face-off versus Brad Richards in Sabres zone.
10:22 of 1st period - Off-side.
10:23 of 1st period - David Legwand wins face-off versus Joe Pavelski in neutral zone.
10:34 of 1st period - Shot by Drew Stafford.
10:34 of 1st period - Shot Misses the Net.
10:45 of 1st period - James Neal is hit by Andrew Ference and loses puck.
10:56 of 1st period - Shot by Steve Downie.
10:56 of 1st period - Shot Misses the Net.
10:58 of 1st period - Shot by Karl Alzner.
10:58 of 1st period - Goal by Karl Alzner - Penguins : 1 - Sabres : 1.
10:59 of 1st period - Mike Richards wins face-off versus Matt DAgostini in neutral zone.
11:58 of 1st period - Brad Stuart is hit by Blake Wheeler and loses puck.
12:04 of 1st period - Off-side.
12:05 of 1st period - Drew Stafford wins face-off versus Jordan Staal in neutral zone.
12:30 of 1st period - Minor Penalty to Tuomo Ruutu for Hooking.
12:31 of 1st period - Joe Pavelski wins face-off versus David Legwand in Sabres zone.
13:35 of 1st period - Icing by Alexander Edler.
13:36 of 1st period - Brad Richards wins face-off versus Mike Richards in Penguins zone.
14:22 of 1st period - Brad Stuart is hit by Blake Wheeler and loses puck.
14:27 of 1st period - Shot by Stephane Robidas.
14:27 of 1st period - Stopped by Martin Biron without a rebound.
14:28 of 1st period - Joe Pavelski wins face-off versus Chris Stewart in Sabres zone.
14:46 of 1st period - Icing by Steve Downie.
14:47 of 1st period - Blair Betts wins face-off versus Paul Byron in Sabres zone.
15:26 of 1st period - Minor Penalty to Matt DAgostini for High sticking.
15:27 of 1st period - Brad Richards wins face-off versus Mike Richards in Penguins zone.
17:23 of 1st period - Shot by Tuomo Ruutu.
17:23 of 1st period - Stopped by Marc-Andre Fleury without a rebound.
17:24 of 1st period - Mike Richards wins face-off versus Joe Pavelski in Penguins zone.
17:26 of 1st period - Minor Penalty to Andrew Ference for Tripping.
17:27 of 1st period - Tuomo Ruutu wins face-off versus Daniel Sedin in Penguins zone.
17:34 of 1st period - Shot by Tyler Myers.
17:34 of 1st period - Goal by Tyler Myers - Penguins : 1 - Sabres : 2.
17:35 of 1st period - David Legwand wins face-off versus Rob Niedermayer in neutral zone.
17:50 of 1st period - Shot by Drew Stafford.
17:50 of 1st period - Shot Misses the Net.
17:52 of 1st period - Shot by Drew Stafford.
17:52 of 1st period - Shot Misses the Net.
17:54 of 1st period - Shot by Rob Niedermayer.
17:54 of 1st period - Goal by Rob Niedermayer - Penguins : 2 - Sabres : 2.
17:55 of 1st period - Matt Moulson wins face-off versus Paul Byron in neutral zone.
17:55 of 1st period - Matt Moulson is hit by Steve Downie.
18:14 of 1st period - Shot by Matt Moulson.
18:14 of 1st period - Stopped by Martin Biron without a rebound.
18:15 of 1st period - Johan Franzen wins face-off versus Joe Pavelski in Sabres zone.
18:39 of 1st period - Shot by Martin St. Louis.
18:39 of 1st period - Stopped by Martin Biron without a rebound.
18:40 of 1st period - Jordan Staal wins face-off versus Rob Niedermayer in Sabres zone.
19:01 of 1st period - Shot by Chris Stewart.
19:01 of 1st period - Shot Misses the Net.
19:11 of 1st period - Shot by Cam Fowler.
19:11 of 1st period - Shot Blocked by Chris Stewart.
19:13 of 1st period - Shot by Steve Montador.
19:13 of 1st period - Stopped by Martin Biron without a rebound.
19:14 of 1st period - David Legwand wins face-off versus Brad Richards in Sabres zone.
19:14 of 1st period - David Legwand is hit by Daniel Sedin.
19:36 of 1st period - Shot by Troy Brouwer.
19:36 of 1st period - Stopped by Marc-Andre Fleury without a rebound.
19:37 of 1st period - Mike Richards wins face-off versus Joe Pavelski in Penguins zone.

Period #2

0:01 of 2nd period - Mike Richards wins face-off versus Brad Richards in neutral zone.
0:01 of 2nd period - Marian Hossa is hit by Brad Richards and loses puck.
0:27 of 2nd period - Daniel Sedin is hit by Brad Stuart.
0:31 of 2nd period - Shot by Daniel Sedin.
0:31 of 2nd period - Shot Misses the Net.
0:39 of 2nd period - Shot by Daniel Sedin.
0:39 of 2nd period - Goal by Daniel Sedin - Penguins : 3 - Sabres : 2.
0:40 of 2nd period - Jordan Staal wins face-off versus Joe Pavelski in neutral zone.
1:19 of 2nd period - Kris Letang is hit by Tuomo Ruutu and loses puck.
1:36 of 2nd period - Shot by Drew Stafford.
1:36 of 2nd period - Shot Misses the Net.
1:46 of 2nd period - Shot by Drew Stafford.
1:46 of 2nd period - Goal by Drew Stafford - Penguins : 4 - Sabres : 2.
1:47 of 2nd period - Matt DAgostini wins face-off versus David Legwand in neutral zone.
1:50 of 2nd period - Shot by Alexander Edler.
1:50 of 2nd period - Shot Misses the Net.
1:52 of 2nd period - Shot by Matt DAgostini.
1:52 of 2nd period - Deflect By Matt Moulson.
1:52 of 2nd period - Stopped by Martin Biron without a rebound.
1:53 of 2nd period - Mike Richards wins face-off versus Brad Richards in Sabres zone.
2:04 of 2nd period - Shot by Jason Pominville.
2:04 of 2nd period - Stopped by Martin Biron without a rebound.
2:05 of 2nd period - David Legwand wins face-off versus Rob Niedermayer in Sabres zone.
2:21 of 2nd period - Shot by Drew Stafford.
2:21 of 2nd period - Stopped by Martin Biron with a rebound.
2:36 of 2nd period - Icing by Steve Montador.
2:37 of 2nd period - Mike Richards wins face-off versus Rob Niedermayer in Penguins zone.
2:38 of 2nd period - Shot by Johan Franzen.
2:38 of 2nd period - Stopped by Marc-Andre Fleury without a rebound.
2:39 of 2nd period - Brad Richards wins face-off versus Mike Richards in Penguins zone.
2:39 of 2nd period - Brad Richards is hit by Johan Franzen.
2:49 of 2nd period - Tyler Myers is hit by Daniel Sedin and loses puck.
3:00 of 2nd period - Icing by Dan Girardi.
3:01 of 2nd period - Brad Richards wins face-off versus Paul Byron in Penguins zone.
3:01 of 2nd period - Brad Richards is hit by Steve Downie.
3:08 of 2nd period - Minor Penalty to Luke Schenn for Hooking.
3:09 of 2nd period - Joe Pavelski wins face-off versus David Legwand in Sabres zone.
5:29 of 2nd period - Icing by Cam Fowler.
5:30 of 2nd period - Jordan Staal wins face-off versus Steve Montador in Penguins zone.
5:30 of 2nd period - Jordan Staal is hit by Cam Fowler.
5:32 of 2nd period - Shot by Chris Stewart.
5:32 of 2nd period - Shot Blocked by Rob Niedermayer.
6:05 of 2nd period - Icing by Rob Niedermayer.
6:06 of 2nd period - Rob Niedermayer wins face-off versus Steve Downie in Penguins zone.
6:27 of 2nd period - Minor Penalty to Luke Schenn for Tripping.
6:28 of 2nd period - Mike Richards wins face-off versus Daniel Sedin in Sabres zone.
7:23 of 2nd period - Off-side.
7:24 of 2nd period - Joe Pavelski wins face-off versus Mike Richards in neutral zone.
7:33 of 2nd period - Shot by Martin St. Louis.
7:33 of 2nd period - Shot Blocked by Mike Richards.
7:37 of 2nd period - Shot by Martin St. Louis.
7:37 of 2nd period - Stopped by Martin Biron without a rebound.
7:38 of 2nd period - Joe Pavelski wins face-off versus David Legwand in Sabres zone.
8:50 of 2nd period - Drew Stafford is hit by Luke Schenn and loses puck.
9:04 of 2nd period - Minor Penalty to Luke Schenn for Holding.
9:05 of 2nd period - Brad Richards wins face-off versus David Legwand in Sabres zone.
9:12 of 2nd period - Shot by Alexander Edler.
9:12 of 2nd period - Shot Misses the Net.
9:14 of 2nd period - Shot by Dan Girardi.
9:14 of 2nd period - Shot Misses the Net.
10:25 of 2nd period - Shot by Martin St. Louis.
10:25 of 2nd period - Shot Misses the Net.
11:10 of 2nd period - Shot by Steve Downie.
11:10 of 2nd period - Shot Blocked by Andrew Ference.
11:14 of 2nd period - Shot by Tyler Myers.
11:14 of 2nd period - Stopped by Marc-Andre Fleury without a rebound.
11:15 of 2nd period - Rob Niedermayer wins face-off versus Paul Byron in Penguins zone.
11:20 of 2nd period - Minor Penalty to Steve Montador for Hooking.
11:21 of 2nd period - Mike Richards wins face-off versus Martin St. Louis in Penguins zone.
11:28 of 2nd period - Shot by Tyler Myers.
11:28 of 2nd period - Stopped by Marc-Andre Fleury without a rebound.
11:29 of 2nd period - Brad Richards wins face-off versus Mike Richards in Penguins zone.
11:35 of 2nd period - Shot by Tyler Myers.
11:35 of 2nd period - Shot Blocked by Joe Pavelski.
11:37 of 2nd period - Shot by Brad Stuart.
11:37 of 2nd period - Shot Misses the Net.
11:39 of 2nd period - Shot by Tyler Myers.
11:39 of 2nd period - Goal by Tyler Myers - Penguins : 4 - Sabres : 3.
11:40 of 2nd period - Rob Niedermayer wins face-off versus Paul Byron in neutral zone.
11:40 of 2nd period - Drew Stafford is hit by Steve Downie and loses puck.
11:48 of 2nd period - Steve Montador is hit by Luke Schenn and loses puck.
11:52 of 2nd period - Steve Montador is hit by Luke Schenn and loses puck.
11:56 of 2nd period - Minor Penalty to Luke Schenn for Tripping.
11:57 of 2nd period - Mike Richards wins face-off versus Joe Pavelski in Sabres zone.
12:31 of 2nd period - Shot by Kris Letang.
12:31 of 2nd period - Shot Blocked by Tyler Myers.
12:53 of 2nd period - Shot by Alexander Edler.
12:53 of 2nd period - Stopped by Martin Biron without a rebound.
12:54 of 2nd period - David Legwand wins face-off versus Brad Richards in Sabres zone.
13:46 of 2nd period - Jeff Schultz is hit by Blake Wheeler and loses puck.
14:15 of 2nd period - Shot by Drew Stafford.
14:15 of 2nd period - Deflect By Steve Montador.
14:15 of 2nd period - Stopped by Martin Biron with a rebound.
14:21 of 2nd period - Shot by Drew Stafford.
14:21 of 2nd period - Stopped by Martin Biron without a rebound.
14:22 of 2nd period - Blair Betts wins face-off versus Jordan Staal in Sabres zone.
14:29 of 2nd period - Shot by Matt Moulson.
14:29 of 2nd period - Stopped by Martin Biron with a rebound.
15:18 of 2nd period - Icing by Trevor Daley.
15:19 of 2nd period - Joe Pavelski wins face-off versus Jordan Staal in Sabres zone.
16:12 of 2nd period - Tuomo Ruutu is hit by Cam Fowler and loses puck.
16:46 of 2nd period - Minor Penalty to Drew Stafford for Holding.
16:47 of 2nd period - Mike Richards wins face-off versus Daniel Sedin in Penguins zone.
16:48 of 2nd period - Shot by Tyler Myers.
16:48 of 2nd period - Shot Blocked by Alexander Edler.
17:08 of 2nd period - Shot by Mike Richards.
17:08 of 2nd period - Shot Misses the Net.
17:12 of 2nd period - Shot by Marian Hossa.
17:12 of 2nd period - Stopped by Marc-Andre Fleury with a rebound.
17:16 of 2nd period - Shot by Marian Hossa.
17:16 of 2nd period - Shot Misses the Net.
18:07 of 2nd period - Icing by Karl Alzner.
18:08 of 2nd period - David Legwand wins face-off versus Brad Richards in Sabres zone.
18:08 of 2nd period - David Legwand is hit by Joe Pavelski.
19:20 of 2nd period - Shot by Drew Stafford.
19:20 of 2nd period - Stopped by Martin Biron without a rebound.
19:21 of 2nd period - Blair Betts wins face-off versus David Legwand in Sabres zone.
19:41 of 2nd period - Off-side.
19:42 of 2nd period - Mike Richards wins face-off versus Joe Pavelski in neutral zone.
19:53 of 2nd period - Shot by Martin St. Louis.
19:53 of 2nd period - Goal by Martin St. Louis - Penguins : 5 - Sabres : 3.
19:53 of 2nd period - Devan Dubnyk enters game.
19:54 of 2nd period - Mike Richards wins face-off versus Rob Niedermayer in neutral zone.
19:59 of 2nd period - Shot by Mike Richards.
19:59 of 2nd period - Stopped by Marc-Andre Fleury with a rebound.

Period #3

0:01 of 3rd period - Brad Richards wins face-off versus Mike Richards in neutral zone.
0:06 of 3rd period - Shot by Daniel Sedin.
0:06 of 3rd period - Shot Misses the Net.
0:15 of 3rd period - Johan Franzen is hit by Brad Richards and loses puck.
0:25 of 3rd period - Off-side.
0:26 of 3rd period - Joe Pavelski wins face-off versus Jordan Staal in neutral zone.
0:43 of 3rd period - Shot by Trevor Daley.
0:43 of 3rd period - Stopped by Marc-Andre Fleury without a rebound.
0:44 of 3rd period - David Legwand wins face-off versus Rob Niedermayer in Penguins zone.
0:44 of 3rd period - Steve Downie is hit by Andrew Ference.
0:48 of 3rd period - Shot by Troy Brouwer.
0:48 of 3rd period - Shot Blocked by Andrew Ference.
1:16 of 3rd period - Icing by Steve Montador.
1:17 of 3rd period - Rob Niedermayer wins face-off versus Mike Richards in Penguins zone.
1:30 of 3rd period - Cam Fowler is hit by Brad Stuart and loses puck.
1:36 of 3rd period - Marian Hossa is hit by Steve Montador and loses puck.
2:28 of 3rd period - Shot by Daniel Sedin.
2:28 of 3rd period - Shot Misses the Net.
2:32 of 3rd period - Shot by Daniel Sedin.
2:32 of 3rd period - Deflect By Brad Richards.
2:32 of 3rd period - Stopped by Devan Dubnyk with a rebound.
2:36 of 3rd period - Shot by Brad Richards.
2:36 of 3rd period - Deflect By Daniel Sedin.
2:36 of 3rd period - Stopped by Devan Dubnyk with a rebound.
2:38 of 3rd period - Shot by Brad Richards.
2:38 of 3rd period - Stopped by Devan Dubnyk without a rebound.
2:39 of 3rd period - Joe Pavelski wins face-off versus Jordan Staal in Sabres zone.
2:44 of 3rd period - Shot by Blake Wheeler.
2:44 of 3rd period - Stopped by Devan Dubnyk with a rebound.
2:46 of 3rd period - Shot by Joe Pavelski.
2:46 of 3rd period - Shot Misses the Net.
2:48 of 3rd period - Shot by Blake Wheeler.
2:48 of 3rd period - Deflect By Martin St. Louis.
2:48 of 3rd period - Shot Misses the Net.
2:50 of 3rd period - Shot by Kris Letang.
2:50 of 3rd period - Stopped by Devan Dubnyk with a rebound.
3:10 of 3rd period - Icing by Trevor Daley.
3:11 of 3rd period - Blair Betts wins face-off versus Jordan Staal in Sabres zone.
3:18 of 3rd period - Shot by Matt DAgostini.
3:18 of 3rd period - Stopped by Devan Dubnyk without a rebound.
3:19 of 3rd period - Troy Brouwer wins face-off versus Blair Betts in Sabres zone.
3:31 of 3rd period - Minor Penalty to Luke Schenn for Hooking.
3:32 of 3rd period - David Legwand wins face-off versus Blake Wheeler in Sabres zone.
4:46 of 3rd period - Shot by Alexander Edler.
4:46 of 3rd period - Shot Misses the Net.
5:12 of 3rd period - Shot by Joe Pavelski.
5:12 of 3rd period - Stopped by Devan Dubnyk without a rebound.
5:13 of 3rd period - Joe Pavelski wins face-off versus Chris Stewart in Sabres zone.
6:23 of 3rd period - Icing by Brad Stuart.
6:24 of 3rd period - Mike Richards wins face-off versus Brad Richards in Sabres zone.
6:39 of 3rd period - Shot by Mike Richards.
6:39 of 3rd period - Shot Misses the Net.
6:41 of 3rd period - Shot by Tyler Myers.
6:41 of 3rd period - Stopped by Marc-Andre Fleury without a rebound.
6:42 of 3rd period - Jordan Staal wins face-off versus Blair Betts in Penguins zone.
6:53 of 3rd period - Shot by Matt DAgostini.
6:53 of 3rd period - Shot Blocked by Trevor Daley.
7:04 of 3rd period - Icing by Tuomo Ruutu.
7:05 of 3rd period - Joe Pavelski wins face-off versus Jordan Staal in Sabres zone.
7:06 of 3rd period - Shot by Martin St. Louis.
7:06 of 3rd period - Stopped by Devan Dubnyk without a rebound.
7:07 of 3rd period - Joe Pavelski wins face-off versus David Legwand in Sabres zone.
8:02 of 3rd period - Shot by Drew Stafford.
8:02 of 3rd period - Stopped by Devan Dubnyk without a rebound.
8:03 of 3rd period - Jordan Staal wins face-off versus Brad Richards in Sabres zone.
8:03 of 3rd period - Jordan Staal is hit by Jason Pominville.
8:14 of 3rd period - Jordan Staal is hit by Dan Girardi and loses puck.
8:28 of 3rd period - Chris Stewart and Jason Pominville fight to a draw.
8:28 of 3rd period - Penalty to Chris Stewart for Fighting.
8:28 of 3rd period - Penalty to Jason Pominville for Fighting.
8:29 of 3rd period - Steve Montador wins face-off versus Mike Richards in Penguins zone.
8:36 of 3rd period - Steve Montador is hit by Johan Franzen and loses puck.
8:51 of 3rd period - Shot by Drew Stafford.
8:51 of 3rd period - Shot Misses the Net.
8:53 of 3rd period - Shot by Rob Niedermayer.
8:53 of 3rd period - Stopped by Devan Dubnyk without a rebound.
8:54 of 3rd period - Blair Betts wins face-off versus Jordan Staal in Sabres zone.
9:03 of 3rd period - Shot by Matt Moulson.
9:03 of 3rd period - Stopped by Devan Dubnyk without a rebound.
9:04 of 3rd period - Joe Pavelski wins face-off versus Paul Byron in Sabres zone.
9:04 of 3rd period - Martin St. Louis is hit by Karl Alzner and loses puck.
9:12 of 3rd period - Minor Penalty to Luke Schenn for Interference.
9:13 of 3rd period - Mike Richards wins face-off versus Brad Richards in Sabres zone.
10:16 of 3rd period - Icing by Dan Girardi.
10:17 of 3rd period - Mike Richards wins face-off versus Brad Richards in Penguins zone.
10:42 of 3rd period - Trevor Daley is hit by Daniel Sedin and loses puck.
11:01 of 3rd period - Shot by Mike Richards.
11:01 of 3rd period - Shot Blocked by Stephane Robidas.
11:16 of 3rd period - Shot by Drew Stafford.
11:16 of 3rd period - Stopped by Devan Dubnyk without a rebound.
11:17 of 3rd period - Paul Byron wins face-off versus Steve Montador in Sabres zone.
11:26 of 3rd period - Steve Montador is hit by Paul Byron.
11:38 of 3rd period - Cam Fowler is hit by Steve Downie and loses puck.
11:49 of 3rd period - Shot by Drew Stafford.
11:49 of 3rd period - Deflect By Rob Niedermayer.
11:49 of 3rd period - Shot Misses the Net.
12:26 of 3rd period - Minor Penalty to Matt Moulson for Holding Stick.
12:27 of 3rd period - Blair Betts wins face-off versus Jordan Staal in Penguins zone.
12:27 of 3rd period - Blair Betts is hit by Tuomo Ruutu.
12:39 of 3rd period - Shot by Matt DAgostini.
12:39 of 3rd period - Shot Blocked by Marian Hossa.
12:41 of 3rd period - Shot by Matt DAgostini.
12:41 of 3rd period - Shot Misses the Net.
12:43 of 3rd period - Shot by Alexander Edler.
12:43 of 3rd period - Shot Blocked by Victor Hedman.
13:41 of 3rd period - Icing by Tyler Myers.
13:42 of 3rd period - Mike Richards wins face-off versus Brad Richards in Sabres zone.
13:49 of 3rd period - Shot by Mike Richards.
13:49 of 3rd period - Stopped by Marc-Andre Fleury with a rebound.
13:57 of 3rd period - Shot by Mike Richards.
13:57 of 3rd period - Shot Blocked by Brad Richards.
13:59 of 3rd period - Shot by Tyler Myers.
13:59 of 3rd period - Stopped by Marc-Andre Fleury without a rebound.
14:00 of 3rd period - Brad Richards wins face-off versus Mike Richards in Penguins zone.
14:59 of 3rd period - Shot by Drew Stafford.
14:59 of 3rd period - Shot Misses the Net.
15:25 of 3rd period - Andrew Ference is hit by Marian Hossa and loses puck.
16:27 of 3rd period - Joe Pavelski is hit by Brad Stuart and loses puck.
16:42 of 3rd period - Shot by Joe Pavelski.
16:42 of 3rd period - Shot Blocked by Tyler Myers.
17:03 of 3rd period - Alexander Edler is hit by Tuomo Ruutu and loses puck.
17:26 of 3rd period - Shot by Matt Moulson.
17:26 of 3rd period - Deflect By Matt DAgostini.
17:26 of 3rd period - Stopped by Devan Dubnyk without a rebound.
17:27 of 3rd period - Jordan Staal wins face-off versus Martin St. Louis in Sabres zone.
17:41 of 3rd period - Off-side.
17:42 of 3rd period - Brad Richards wins face-off versus Marian Hossa in neutral zone.
17:46 of 3rd period - Off-side.
17:47 of 3rd period - Jordan Staal wins face-off versus Brad Richards in neutral zone.
18:00 of 3rd period - Shot by Daniel Sedin.
18:00 of 3rd period - Deflect By Brad Richards.
18:00 of 3rd period - Stopped by Devan Dubnyk with a rebound.
18:02 of 3rd period - Shot by Jason Pominville.
18:02 of 3rd period - Stopped by Devan Dubnyk without a rebound.
18:03 of 3rd period - David Legwand wins face-off versus Joe Pavelski in Sabres zone.
18:17 of 3rd period - Shot by Joe Pavelski.
18:17 of 3rd period - Shot Misses the Net.
18:19 of 3rd period - Shot by Joe Pavelski.
18:19 of 3rd period - Shot Misses the Net.
18:23 of 3rd period - Shot by Blake Wheeler.
18:23 of 3rd period - Stopped by Devan Dubnyk without a rebound.
18:24 of 3rd period - Brad Richards wins face-off versus Mike Richards in Sabres zone.
18:40 of 3rd period - Jason Pominville is hit by Tyler Myers and loses puck.
18:43 of 3rd period - Shot by Brad Richards.
18:43 of 3rd period - Stopped by Devan Dubnyk without a rebound.
18:44 of 3rd period - Jordan Staal wins face-off versus Blake Wheeler in Sabres zone.
18:44 of 3rd period - Jordan Staal is hit by Martin St. Louis.
19:26 of 3rd period - Shot by Daniel Sedin.
19:26 of 3rd period - Shot Misses the Net.
19:28 of 3rd period - Shot by Alexander Edler.
19:28 of 3rd period - Stopped by Devan Dubnyk without a rebound.
19:29 of 3rd period - Marian Hossa wins face-off versus Martin St. Louis in Sabres zone.
19:52 of 3rd period - Shot by Brad Richards.
19:52 of 3rd period - Shot Misses the Net.


Output by the SimonT Hockey Simulator (STHS) for Stephane Roy -- Original Page W3C XHTML 1.0 Valid